APP
CLEVELAND (APP) INDIANS @ TEXAS (APP) RANGERS
09/03/2044
 
TOP OF THE 1ST
Cleveland (APP) Indians batting - Pitching for Texas (APP) Rangers : RHP Davion Jones
Pitching: RHP Davion Jones
Batting: RHB John Clark 0-0: Called Strike
0-1: Ball
1-1: Fly out, F7 (Flyball, 78D, EV 108.1 MPH)
Batting: RHB Carlos Manriquez 0-0: Ball
1-0: Called Strike
1-1: Ball
2-1: Foul Ball, location: 2F
2-2: Strikes out swinging
Batting: RHB Juan Gallardo 0-0: Ball
1-0: Ball
2-0: Ball
3-0: Called Strike
3-1: Called Strike
3-2: Strikes out swinging
Top of the 1st over - 0 runs, 0 hits, 0 errors, 0 left on base; Cleveland (APP) 0 - Texas (APP) 0
BOTTOM OF THE 1ST
Texas (APP) Rangers batting - Pitching for Cleveland (APP) Indians : RHP Jose Esteban
Pitching: RHP Jose Esteban
Batting: LHB Walter Vegter 0-0: Swinging Strike
0-1: Ball
1-1: Foul Ball, location: 2F
1-2: Foul Ball, location: 2F
1-2: Foul Ball, location: 2F
1-2: Ball
2-2: SINGLE (Line Drive, 6D, EV 97.5 MPH)
Batting: RHB Jay De Angelis 0-0: Ball
Walter Vegter steals 2nd base
1-0: Ball
2-0: Foul Ball, location: 2F
2-1: Ball
3-1: Foul Ball, location: 2F
3-2: Base on Balls
Batting: RHB Robby Adair 0-0: Ball
1-0: Hit by Pitch
Walter Vegter to third
Jay De Angelis to second
Batting: RHB Ryan Pastore 0-0: Ball
1-0: GRAND SLAM HOME RUN (Flyball, 9LD, EV 95.0 MPH), Distance : 342 ft
Batting: LHB Tomoya Hashimoto 0-0: Foul Ball, location: 2F
0-1: Called Strike
0-2: SINGLE (Groundball, 34D, EV 97.5 MPH)
Pitching: RHP Gilbert Paparelli
Batting: RHB David Redman 0-0: Foul Ball, location: 2F
0-1: Ball
1-1: Ball
2-1: Swinging Strike
2-2: Ball
3-2: Foul Ball, location: 2F
3-2: Base on Balls
Tomoya Hashimoto to second
Batting: RHB Rafael Tapia 0-0: Ball
1-0: TRIPLE (Line Drive, 78XD, EV 101.2 MPH)
Tomoya Hashimoto scores
David Redman scores
Batting: RHB Alex Lopez 0-0: Ball
Passed Ball!
Rafael Tapia scores
1-0: Ball
2-0: Ball
3-0: Called Strike
3-1: SOLO HOME RUN (Flyball, 78XD, EV 99.4 MPH), Distance : 413 ft
Batting: SHB Albert Ortiz 0-0: Ball
1-0: Ball
2-0: Swinging Strike
2-1: Foul Ball, location: 2F
2-2: Strikes out swinging
Pitching: LHP Jordan Jimenez
Batting: LHB Walter Vegter 0-0: Ground out U3 (Groundball, 3, EV 99.4 MPH)
Batting: RHB Jay De Angelis 0-0: Foul Ball, location: 2F
0-1: Ball
1-1: Ball
2-1: Ball
3-1: Called Strike
3-2: Base on Balls
Batting: RHB Robby Adair 0-0: Ball
Wild Pitch!
Jay De Angelis to second
1-0: Called Strike
1-1: Swinging Strike
1-2: DOUBLE (Line Drive, 9LS, EV 91.9 MPH)
Jay De Angelis scores
Batting: RHB Ryan Pastore 0-0: Foul Ball, location: 2F
0-1: Ball
Passed Ball!
Robby Adair to third
1-1: Foul Ball, location: 2F
1-2: Ball
2-2: Strikes out swinging
Bottom of the 1st over - 9 runs, 6 hits, 0 errors, 1 left on base; Cleveland (APP) 0 - Texas (APP) 9
TOP OF THE 2ND
Cleveland (APP) Indians batting - Pitching for Texas (APP) Rangers : RHP Davion Jones
Batting: RHB Luis Roman 0-0: Ball
1-0: Ball
2-0: Ball
3-0: Base on Balls
Batting: LHB Kenji Yokoyama 0-0: Ball
1-0: Called Strike
1-1: Foul Ball, location: 2F
1-2: Foul Ball, location: 2F
1-2: Foul Ball, location: 2F
1-2: DOUBLE (Line Drive, 9LS, EV 95.0 MPH)
Luis Roman to third
Runner from 3rd tries for Home, SAFE, throw by RF to home
Batting: RHB Joe Shade 0-0: Ball
1-0: Ball
2-0: Ball
3-0: Foul Ball, location: 2F
3-1: Foul Ball, location: 2F
3-2: Strikes out swinging
Batting: LHB Heath Ryland 0-0: Called Strike
0-1: Called Strike
0-2: Strikes out looking
Batting: RHB Ken Shear 0-0: Foul Ball, location: 2F
0-1: Called Strike
0-2: Strikes out swinging
Top of the 2nd over - 1 run, 1 hit, 0 errors, 1 left on base; Cleveland (APP) 1 - Texas (APP) 9
BOTTOM OF THE 2ND
Texas (APP) Rangers batting - Pitching for Cleveland (APP) Indians : LHP Jordan Jimenez
Batting: LHB Tomoya Hashimoto 0-0: Ball
1-0: Called Strike
1-1: Ball
2-1: Swinging Strike
2-2: Ball
3-2: Base on Balls
Batting: RHB David Redman 0-0: Ball
Passed Ball!
Tomoya Hashimoto to second
1-0: Ball
2-0: Ball
3-0: Base on Balls
Batting: RHB Rafael Tapia 0-0: Called Strike
0-1: SINGLE (Groundball, 4MD, EV 106.2 MPH)
Tomoya Hashimoto to third
David Redman to second
Batting: RHB Alex Lopez 0-0: Ball
Passed Ball!
Tomoya Hashimoto scores
David Redman to third
Rafael Tapia to second
1-0: Ball
2-0: Ball
3-0: Base on Balls
Batting: SHB Albert Ortiz 0-0: Ball
Passed Ball!
David Redman scores
Rafael Tapia to third
Alex Lopez to second
1-0: SINGLE (Groundball, 4MS, EV 81.9 MPH) (infield hit)
Rafael Tapia scores
Alex Lopez to third
Batting: LHB Walter Vegter 0-0: Ball
Wild Pitch!
Alex Lopez scores
Albert Ortiz to second
1-0: Swinging Strike
1-1: SINGLE (Groundball, 4MD, EV 105.0 MPH)
Albert Ortiz to third
Batting: RHB Jay De Angelis 0-0: Foul Ball, location: 2F
0-1: Ball
Passed Ball!
Albert Ortiz scores
Walter Vegter to second
1-1: Swinging Strike
1-2: Ground out 6-3 (Groundball, 6M, EV 100.0 MPH)
Walter Vegter to third
Batting: RHB Robby Adair 0-0: Ball
1-0: Ball
2-0: 2-RUN HOME RUN (Flyball, 7LD, EV 93.8 MPH), Distance : 344 ft
Batting: RHB Ryan Pastore 0-0: Called Strike
0-1: SOLO HOME RUN (Flyball, 7D, EV 96.9 MPH), Distance : 365 ft
Batting: LHB Tomoya Hashimoto 0-0: Called Strike
0-1: Ball
1-1: Called Strike
1-2: Ball
2-2: Foul Ball, location: 2F
2-2: Ball
3-2: Foul Ball, location: 2F
3-2: Base on Balls
Batting: RHB David Redman 0-0: Foul Ball, location: 2F
0-1: SINGLE (Groundball, 6MD, EV 96.2 MPH)
Tomoya Hashimoto to second
Batting: RHB Rafael Tapia 0-0: Ball
Passed Ball!
Tomoya Hashimoto to third
David Redman to second
1-0: Ball
2-0: Ball
Passed Ball!
Tomoya Hashimoto scores
David Redman to third
3-0: Called Strike
3-1: Base on Balls
Batting: RHB Alex Lopez 0-0: Ball
Passed Ball!
David Redman scores
Rafael Tapia to second
1-0: Ball
Wild Pitch!
Rafael Tapia to third
2-0: Called Strike
2-1: Ball
3-1: Base on Balls
Batting: SHB Albert Ortiz 0-0: Fly out, F9 (Flyball, 9D, EV 100.0 MPH)
Runner from 3rd tags up, SCORES, no throw by RF
Batting: LHB Walter Vegter 0-0: Ground out 5-3 (Groundball, 5S, EV 73.1 MPH)
Bottom of the 2nd over - 11 runs, 6 hits, 0 errors, 1 left on base; Cleveland (APP) 1 - Texas (APP) 20
TOP OF THE 3RD
Cleveland (APP) Indians batting - Pitching for Texas (APP) Rangers : RHP Davion Jones
Batting: SHB Mike Shields 0-0: Called Strike
0-1: Ball
1-1: Called Strike
1-2: Ball
2-2: Ball
3-2: Strikes out looking
Batting: RHB John Clark 0-0: Foul Ball, location: 2F
0-1: Ball
1-1: SINGLE (Groundball, 5D, EV 100.0 MPH)
Batting: RHB Carlos Manriquez 0-0: Foul Ball, location: 2F
0-1: Ball
1-1: Foul Ball, location: 2F
1-2: Foul Ball, location: 2F
1-2: Fielders Choice at 2nd, 5-4 (Groundball, 15, EV 84.4 MPH)
Batting: RHB Juan Gallardo 0-0: Ball
1-0: Called Strike
1-1: Ball
2-1: Called Strike
2-2: Ball
3-2: Strikes out swinging
Top of the 3rd over - 0 runs, 1 hit, 0 errors, 1 left on base; Cleveland (APP) 1 - Texas (APP) 20
BOTTOM OF THE 3RD
Texas (APP) Rangers batting - Pitching for Cleveland (APP) Indians : LHP Jordan Jimenez
Batting: RHB Jay De Angelis 0-0: Ball
1-0: Called Strike
1-1: Ground out 1-3 (Groundball, P, EV 75.0 MPH)
Batting: RHB Robby Adair 0-0: Called Strike
0-1: SINGLE (Flyball, 34D, EV 89.4 MPH)
Batting: RHB Ryan Pastore 0-0: SINGLE (Groundball, 6D, EV 96.2 MPH)
Robby Adair to second
Batting: LHB Tomoya Hashimoto 0-0: Ball
1-0: SINGLE (Line Drive, 4D, EV 106.2 MPH)
Robby Adair to third
Ryan Pastore to second
Batting: RHB David Redman 0-0: GRAND SLAM HOME RUN (Flyball, 7D, EV 98.1 MPH), Distance : 380 ft
Batting: RHB Rafael Tapia 0-0: Reached on error, E5 (Groundball, 5, EV 108.1 MPH)
Batting: RHB Alex Lopez 0-0: Called Strike
0-1: Ball
1-1: Ball
Wild Pitch!
Rafael Tapia to second
2-1: Ball
3-1: Base on Balls
Batting: SHB Albert Ortiz 0-0: Called Strike
0-1: Ball
1-1: Ball
Passed Ball!
Rafael Tapia to third
Alex Lopez to second
2-1: Ball
3-1: Foul Ball, location: 2F
3-2: Base on Balls
Batting: LHB Walter Vegter 0-0: DOUBLE (Line Drive, 7LM, EV 99.4 MPH)
Rafael Tapia scores
Alex Lopez scores
Albert Ortiz to third
Batting: RHB Jay De Angelis 0-0: Reached on error, E5 (Groundball, 5, EV 88.1 MPH)
Albert Ortiz scores
Walter Vegter to third
Batting: RHB Robby Adair 0-0: DOUBLE (Flyball, 89D, EV 114.4 MPH)
Walter Vegter scores
Jay De Angelis to third
Runner from 3rd tries for Home, SAFE, no throw by CF
Batting: RHB Ryan Pastore 0-0: Swinging Strike
Passed Ball!
Robby Adair to third
0-1: Ball
1-1: Foul Ball, location: 2F
1-2: Foul Ball, location: 2F
1-2: Ball
Passed Ball!
Robby Adair scores
2-2: Ball
3-2: Base on Balls
Batting: LHB Tomoya Hashimoto 0-0: DOUBLE (Line Drive, 89M, EV 100.0 MPH)
Ryan Pastore to third
Batting: RHB David Redman 0-0: Foul Ball, location: 2F
0-1: Foul Ball, location: 2F
0-2: Ground out 2-3 (Groundball, 2L, EV 70.0 MPH)
Batting: RHB Rafael Tapia 0-0: Fly out, F5 (Popup, 56S, EV 84.4 MPH)
Bottom of the 3rd over - 10 runs, 7 hits, 2 errors, 2 left on base; Cleveland (APP) 1 - Texas (APP) 30
TOP OF THE 4TH
Cleveland (APP) Indians batting - Pitching for Texas (APP) Rangers : RHP Davion Jones
Batting: RHB Luis Roman 0-0: Ball
1-0: Called Strike
1-1: Swinging Strike
1-2: Ball
2-2: Strikes out swinging
Batting: LHB Kenji Yokoyama 0-0: Called Strike
0-1: Ball
1-1: Called Strike
1-2: Ground out U3 (Groundball, 3, EV 86.9 MPH)
Batting: RHB Joe Shade 0-0: Ball
1-0: Ball
2-0: Foul Ball, location: 2F
2-1: Swinging Strike
2-2: Strikes out swinging
Top of the 4th over - 0 runs, 0 hits, 0 errors, 0 left on base; Cleveland (APP) 1 - Texas (APP) 30
BOTTOM OF THE 4TH
Texas (APP) Rangers batting - Pitching for Cleveland (APP) Indians : LHP Jordan Jimenez
Batting: RHB Alex Lopez 0-0: Ball
1-0: Ball
2-0: Ball
3-0: Base on Balls
Batting: SHB Albert Ortiz 0-0: Fly out, F9 (Flyball, 89XD, EV 100.6 MPH)
Batting: LHB Walter Vegter 0-0: Ball
1-0: SINGLE (Groundball, 6MS, EV 75.6 MPH) (infield hit)
Alex Lopez to second
Batting: RHB Jay De Angelis 0-0: Ball
Passed Ball!
Alex Lopez to third
Walter Vegter to second
1-0: Foul Ball, location: 2F
1-1: Ball
2-1: Ball
3-1: Base on Balls
Batting: RHB Robby Adair 0-0: Grounds into double play, 5-4-3 (Groundball, 5, EV 86.9 MPH)
Bottom of the 4th over - 0 runs, 1 hit, 0 errors, 2 left on base; Cleveland (APP) 1 - Texas (APP) 30
TOP OF THE 5TH
Cleveland (APP) Indians batting - Pitching for Texas (APP) Rangers : RHP Davion Jones
Batting: LHB Heath Ryland 0-0: Ball
1-0: Foul Ball, location: 2F
1-1: Ball
2-1: Ball
3-1: Ground out 5-3 (Groundball, 56, EV 85.6 MPH)
Batting: RHB Ken Shear 0-0: Ball
1-0: Called Strike
1-1: Foul Ball, location: 2F
1-2: Strikes out swinging
Batting: SHB Mike Shields 0-0: Ball
1-0: Swinging Strike
1-1: Ball
2-1: Foul Ball, location: 2F
2-2: Foul Ball, location: 2F
2-2: Strikes out swinging
Top of the 5th over - 0 runs, 0 hits, 0 errors, 0 left on base; Cleveland (APP) 1 - Texas (APP) 30
BOTTOM OF THE 5TH
Texas (APP) Rangers batting - Pitching for Cleveland (APP) Indians : LHP Jordan Jimenez
Batting: RHB Ryan Pastore 0-0: Ball
1-0: Ball
2-0: Ball
3-0: Base on Balls
Batting: LHB Tomoya Hashimoto 0-0: Ball
1-0: Ball
2-0: Called Strike
2-1: Ball
3-1: Base on Balls
Ryan Pastore to second
Batting: RHB David Redman 0-0: Foul Ball, location: 2F
0-1: Foul Ball, location: 2F
0-2: Ball
1-2: DOUBLE (Flyball, 8LXD, EV 92.5 MPH)
Ryan Pastore scores
Tomoya Hashimoto to third
Batting: RHB Rafael Tapia 0-0: Ball
Passed Ball!
Tomoya Hashimoto scores
David Redman to third
1-0: Ball
Passed Ball!
David Redman scores
2-0: Foul Ball, location: 2F
2-1: Ball
3-1: Base on Balls
Batting: RHB Alex Lopez 0-0: Foul Ball, location: 2F
0-1: Foul Ball, location: 2F
0-2: SINGLE (Groundball, 6, EV 98.1 MPH)
Rafael Tapia to second
Batting: SHB Albert Ortiz 0-0: Ball
1-0: SINGLE (Groundball, 34D, EV 101.2 MPH)
Rafael Tapia to third
Alex Lopez to second
Batting: LHB Walter Vegter 0-0: Ball
1-0: Ball
2-0: Fielders Choice at 2nd, 4-6 (Groundball, 34, EV 90.6 MPH)
Rafael Tapia scores
Alex Lopez to third
Batting: RHB Jay De Angelis 0-0: Foul Ball, location: 2F
0-1: Fly out, F4 (Popup, 4, EV 61.9 MPH)
Batting: RHB Robby Adair 0-0: SINGLE (Groundball, 34D, EV 100.6 MPH)
Alex Lopez scores
Walter Vegter to second
Batting: RHB Ryan Pastore 0-0: Ball
Passed Ball!
Walter Vegter to third
Robby Adair to second
1-0: Ball
2-0: Ball
3-0: Called Strike
3-1: Base on Balls
Batting: LHB Tomoya Hashimoto 0-0: SINGLE (Groundball, 4MD, EV 94.4 MPH)
Walter Vegter scores
Robby Adair to third
Ryan Pastore to second
Runner from 3rd tries for Home, SAFE, throw by CF to home
Batting: RHB David Redman 0-0: Called Strike
0-1: DOUBLE (Line Drive, 78M, EV 105.6 MPH)
Ryan Pastore scores
Tomoya Hashimoto to third
Batting: RHB Rafael Tapia 0-0: Ball
1-0: Ground out 6-3 (Groundball, 6, EV 103.1 MPH)
Bottom of the 5th over - 8 runs, 6 hits, 0 errors, 2 left on base; Cleveland (APP) 1 - Texas (APP) 38
TOP OF THE 6TH
Cleveland (APP) Indians batting - Pitching for Texas (APP) Rangers : RHP Davion Jones
Batting: RHB John Clark 0-0: Ground out 5-3 (Groundball, 56S, EV 73.1 MPH)
Batting: RHB Carlos Manriquez 0-0: Ball
1-0: Ball
2-0: Called Strike
2-1: Ground out U3 (Groundball, 34, EV 87.5 MPH)
Batting: RHB Juan Gallardo 0-0: Called Strike
0-1: Foul Ball, location: 2F
0-2: Strikes out swinging
Top of the 6th over - 0 runs, 0 hits, 0 errors, 0 left on base; Cleveland (APP) 1 - Texas (APP) 38
BOTTOM OF THE 6TH
Texas (APP) Rangers batting - Pitching for Cleveland (APP) Indians : LHP Jordan Jimenez
Batting: RHB Alex Lopez 0-0: Fly out, F7 (Flyball, 78S, EV 89.4 MPH)
Batting: SHB Albert Ortiz 0-0: Ground out 6-3 (Groundball, 6, EV 103.1 MPH)
Batting: LHB Walter Vegter 0-0: SINGLE (Line Drive, 7LS, EV 94.4 MPH)
Batting: RHB Jay De Angelis 0-0: Ball
1-0: Ball
2-0: Called Strike
2-1: Ball
3-1: Called Strike
3-2: Base on Balls
Walter Vegter to second
Batting: RHB Robby Adair 0-0: Reached on error, E4 (Groundball, 4S, EV 90.0 MPH)
Walter Vegter to third
Jay De Angelis to second
Batting: RHB Ryan Pastore 0-0: Ball
1-0: Called Strike
1-1: Ball
2-1: Called Strike
2-2: Ball
3-2: Foul Ball, location: 2F
3-2: Foul Ball, location: 2F
3-2: Base on Balls
Walter Vegter scores
Jay De Angelis to third
Robby Adair to second
Batting: LHB Tomoya Hashimoto 0-0: Ground out 4-3 (Groundball, 4S, EV 84.4 MPH)
Bottom of the 6th over - 1 run, 1 hit, 1 error, 3 left on base; Cleveland (APP) 1 - Texas (APP) 39
TOP OF THE 7TH
Cleveland (APP) Indians batting - Pitching for Texas (APP) Rangers : RHP Davion Jones
Batting: RHB Luis Roman 0-0: Called Strike
0-1: Hit by Pitch
Batting: LHB Kenji Yokoyama 0-0: Swinging Strike
0-1: Swinging Strike
0-2: Foul Ball, location: 2F
0-2: Ball
1-2: Ball
2-2: Strikes out swinging
Pitching: LHP Chris Vachon
Batting: RHB Joe Shade 0-0: Ball
1-0: Called Strike
1-1: Swinging Strike
1-2: Ball
2-2: Strikes out swinging
Batting: LHB Heath Ryland 0-0: Ball
1-0: Foul Ball, location: 2F
1-1: Called Strike
1-2: Foul Ball, location: 2F
1-2: Strikes out swinging
Top of the 7th over - 0 runs, 0 hits, 0 errors, 1 left on base; Cleveland (APP) 1 - Texas (APP) 39
BOTTOM OF THE 7TH
Texas (APP) Rangers batting - Pitching for Cleveland (APP) Indians : LHP Jordan Jimenez
Batting: RHB David Redman 0-0: Ball
1-0: Ball
2-0: Ball
3-0: Called Strike
3-1: Base on Balls
Batting: RHB Rafael Tapia 0-0: Ball
Wild Pitch!
David Redman to second
1-0: Called Strike
1-1: Foul Ball, location: 2F
1-2: Ground out U3 (Groundball, 3, EV 86.9 MPH)
David Redman to third
Batting: RHB Alex Lopez 0-0: Fly out, F4 (Popup, 4MD, EV 45.6 MPH)
Batting: SHB Albert Ortiz 0-0: Reached on error, E6 (Groundball, 56, EV 88.1 MPH)
David Redman scores
Pinch Hitting: RHB Jordan Llanes 0-0: Ground out U3 (Groundball, 34, EV 82.5 MPH)
Bottom of the 7th over - 1 run, 0 hits, 1 error, 1 left on base; Cleveland (APP) 1 - Texas (APP) 40
TOP OF THE 8TH
Cleveland (APP) Indians batting - Pitching for Texas (APP) Rangers : LHP Chris Vachon
Now in CF: Jordan Llanes
Batting: RHB Ken Shear 0-0: Called Strike
0-1: Called Strike
0-2: Strikes out swinging
Batting: SHB Mike Shields 0-0: Swinging Strike
0-1: Ball
1-1: Foul Ball, location: 2F
1-2: Strikes out swinging
Batting: RHB John Clark 0-0: Ball
1-0: Foul Ball, location: 2F
1-1: Foul Ball, location: 2F
1-2: Strikes out swinging
Top of the 8th over - 0 runs, 0 hits, 0 errors, 0 left on base; Cleveland (APP) 1 - Texas (APP) 40
BOTTOM OF THE 8TH
Texas (APP) Rangers batting - Pitching for Cleveland (APP) Indians : LHP Jordan Jimenez
Batting: RHB Jay De Angelis 0-0: Foul Ball, location: 2F
0-1: Reached on error, E6 (Groundball, 6, EV 109.4 MPH)
Batting: RHB Robby Adair 0-0: Ball
1-0: Ball
2-0: Foul Ball, location: 2F
2-1: Ball
3-1: SINGLE (Groundball, 4, EV 103.8 MPH)
Jay De Angelis to second
Batting: RHB Ryan Pastore 0-0: Fly out, F9 (Line Drive, 9, EV 93.1 MPH)
Batting: LHB Tomoya Hashimoto 0-0: DOUBLE (Line Drive, 7LM, EV 101.2 MPH)
Jay De Angelis scores
Robby Adair to third
Batting: RHB David Redman 0-0: Ball
1-0: Foul Ball, location: 2F
1-1: Ball
Passed Ball!
Robby Adair scores
Tomoya Hashimoto to third
2-1: Ball
3-1: Called Strike
3-2: Foul Ball, location: 2F
3-2: Base on Balls
Batting: RHB Rafael Tapia 0-0: Fielders Choice at 2nd, 5-4 (Groundball, 56S, EV 85.0 MPH)
Tomoya Hashimoto scores
Batting: RHB Alex Lopez 0-0: Ball
1-0: Called Strike
1-1: Ball
Wild Pitch!
Rafael Tapia to second
2-1: Ball
Passed Ball!
Rafael Tapia to third
3-1: Foul Ball, location: 2F
3-2: Base on Balls
Batting: SHB Albert Ortiz 0-0: SINGLE (Groundball, 6, EV 98.1 MPH)
Rafael Tapia scores
Alex Lopez to second
Batting: RHB Jordan Llanes 0-0: Ground out 5-3 (Groundball, 56S, EV 83.8 MPH)
Bottom of the 8th over - 4 runs, 3 hits, 1 error, 2 left on base; Cleveland (APP) 1 - Texas (APP) 44
TOP OF THE 9TH
Cleveland (APP) Indians batting - Pitching for Texas (APP) Rangers : LHP Chris Vachon
Batting: RHB Carlos Manriquez 0-0: Ball
1-0: Foul Ball, location: 2F
1-1: Foul Ball, location: 2F
1-2: Strikes out looking
Batting: RHB Juan Gallardo 0-0: Swinging Strike
0-1: Ball
1-1: Swinging Strike
1-2: Ball
2-2: Strikes out looking
Batting: RHB Luis Roman 0-0: Fly out, F8 (Flyball, 78M, EV 93.8 MPH)
Top of the 9th over - 0 runs, 0 hits, 0 errors, 0 left on base; Cleveland (APP) 1 - Texas (APP) 44
Thursday, March 31st , 2022 - OOTP Baseball 22.12 Build 89